[Event "Team 45 45 League T71"]
[Site "Internet Chess Club"]
[Date "2017.01.09"]
[Round "4"]
[White "zap2"]
[Black "fireball"]
[Result "1/2-1/2"]
[WhiteElo "1790"]
[BlackElo "1676"]
[Opening "Nimzovich-Larsen attack: classical variation"]
[ECO "A01"]
[Time "16:14:56"]
[TimeControl "2700+45"]

1. b3 d5 2. Bb2 c5 3. Nf3 Nc6 4. e3 f6 5. Bb5 Qb6 6. Na3 a6 7. Bxc6+ Qxc6 8. c4
e5 9. cxd5 Qxd5 10. Nc4 Qc6 11. O-O b5 12. Ncxe5 fxe5 13. Nxe5 Qh6 14. Nf7 Kxf7
15. Qf3+ Nf6 16. Qxa8 Bd6 17. g3 Rf8 18. a4 Ng4 19. h4 g5 20. Qd5+ Ke7 21. Qxg5+
Qxg5 22. hxg5 b4 23. d4 Bb7 24. dxc5 Bxc5 25. Rac1 Bd6 26. Rc4 Bf3 27. Rc2 Rf5
28. Rfc1 Rxg5 29. Rc7+ Bxc7 30. Rxc7+ Kd6 31. Rxh7 Rc5 32. Rf7 Bd5 33. Rf4 Rc2
34. e4 Bxb3 35. Bd4 Be6 36. f3 Nh6 37. Rf6 Nf7 38. f4 Ke7 39. f5 Bc4 40. e5 b3
41. Rb6 Ng5 42. Bc5+ Kf7 43. e6+ Nxe6 44. fxe6+ Bxe6 45. Bd4 Rc4 46. Rb7+ Ke8
47. Bf6 Rc6 48. a5 Bc4 49. Bb2 Bb5 50. Ba3 Rc2 51. Re7+ Kd8 52. Re1 Ra2 53. Be7+
Kd7 54. Bb4 b2 55. Bc3 Ra1 56. Rxa1 bxa1=Q+ 57. Bxa1 Ke6 58. Kf2 Kf5 59. Kf3
Bc6+ 60. Ke3 Kg4 61. Be5 Bb5 62. Kd4 Kf3 63. Kd5 Kg4 64. Ke6 {Game drawn by
mutual agreement} 1/2-1/2

[Event "Team 45 45 League T71"]
[Site "Internet Chess Club"]
[Date "2017.01.05"]
[Round "4"]
[White "Ajolote"]
[Black "idjit"]
[Result "1-0"]
[WhiteElo "1768"]
[BlackElo "1557"]
[Opening "French: exchange variation"]
[ECO "C01"]
[Time "13:00:10"]
[TimeControl "2700+45"]

1. e4 e6 2. d4 d5 3. exd5 exd5 4. Nc3 Nf6 5. Qf3 Nc6 6. Bb5 a6 7. Bxc6+ bxc6 8.
h3 Bd6 9. Nge2 h6 10. O-O O-O 11. Be3 Be6 12. Ng3 Qd7 13. Bxh6 Rab8 14. Bg5 Nh7
15. Bc1 f6 16. Re1 Rfe8 17. Nce2 Bf7 18. b3 Bg6 19. c3 Re7 20. Bd2 Rbe8 21. h4
Nf8 22. Nf4 Bxf4 23. Qxf4 Rxe1+ 24. Rxe1 Rxe1+ 25. Bxe1 Qe7 26. Bd2 Ne6 27. Qe3
Qd6 28. Qe2 Nf4 29. Qxa6 Bd3 30. Qc8+ Kh7 31. Qg4 Ne6 32. Nf5 Qa3 33. Qh5+ Kg8
34. Qe8+ Nf8 35. Ne7+ {Black resigns} 1-0

[Event "Team 45 45 League T71"]
[Site "Internet Chess Club"]
[Date "2017.01.07"]
[Round "4"]
[White "losscause"]
[Black "Skeptic1972"]
[Result "1/2-1/2"]
[WhiteElo "1519"]
[BlackElo "1561"]
[Opening "Queen's bishop game"]
[ECO "D02"]
[Time "13:57:20"]
[TimeControl "2700+45"]

1. d4 Nf6 2. Nf3 d5 3. Bf4 e6 4. e3 c5 5. c3 Nc6 6. Nbd2 Bd6 7. Bxd6 Qxd6 8. Be2
O-O 9. O-O b6 10. Qc2 Bb7 11. e4 dxe4 12. dxc5 Qxc5 13. Nxe4 Nxe4 14. Qxe4 Qe7
15. Rfd1 Rad8 16. Qa4 Ba8 17. Rxd8 Rxd8 18. Rd1 Rxd1+ 19. Qxd1 Qd8 20. Qxd8+
Nxd8 21. Nd4 {Game drawn by mutual agreement} 1/2-1/2

[Event "Team 45 45 League T71"]
[Site "Internet Chess Club"]
[Date "2017.01.06"]
[Round "4"]
[White "crazyhorses"]
[Black "drsigmund1"]
[Result "0-1"]
[WhiteElo "1373"]
[BlackElo "1387"]
[Opening "French: King's Indian attack"]
[ECO "C00"]
[Time "16:07:47"]
[TimeControl "2700+45"]

1. e4 e6 2. d3 d5 3. Nd2 Nf6 4. Ngf3 dxe4 5. dxe4 Bb4 6. c3 Bc5 7. Bc4 Nc6 8.
O-O e5 9. h3 Bd7 10. b4 Bd6 11. Re1 O-O 12. Qc2 a5 13. b5 Na7 14. a4 Nc8 15. Nf1
Nb6 16. Bb3 c6 17. c4 cxb5 18. cxb5 Rc8 19. Qa2 Qe7 20. Bd2 Bb4 21. Ng5 h6 22.
Bxb4 axb4 23. Nf3 Rc3 24. N1d2 Nh5 25. Rac1 Nf4 26. Rxc3 bxc3 27. Nc4 Nxc4 28.
Bxc4 Be6 29. Bxe6 Qxe6 30. Qxe6 Nxe6 31. Nxe5 Nc5 32. a5 Re8 33. Nf3 Ra8 34. a6
bxa6 35. bxa6 Rxa6 36. Rc1 Nxe4 37. Ne1 Ra2 38. f3 Ng3 39. Kh2 Ne2 40. Rc2 Rb2
41. h4 f5 42. Kh3 Kf7 43. h5 Ke6 44. g4 Nf4+ 45. Kg3 Ke5 46. gxf5 Nxh5+ 47. Kf2
Nf4 48. Ke3 Ng2+ {White resigns} 0-1

[Event "Team 45 45 League T71"]
[Site "Internet Chess Club"]
[Date "2017.01.08"]
[Round "4"]
[White "viktory"]
[Black "chessnow"]
[Result "0-1"]
[WhiteElo "1613"]
[BlackElo "1747"]
[Opening "Grünfeld: exchange, Spassky variation"]
[ECO "D87"]
[Time "19:02:06"]
[TimeControl "2700+45"]

1. d4 Nf6 2. c4 g6 3. Nc3 d5 4. cxd5 Nxd5 5. e4 Nxc3 6. bxc3 Bg7 7. Bc4 c5 8.
Ne2 O-O 9. O-O Nc6 10. Be3 Qc7 11. Rc1 Rd8 12. Qd2 a6 13. Rfd1 b5 14. Bb3 Na5
15. Bc2 Nc4 16. Qe1 Nxe3 17. fxe3 Bb7 18. Qf2 Bh6 19. Rf1 e6 20. Nf4 e5 21. Ne2
exd4 22. cxd4 cxd4 23. Bb3 Qe7 24. Qxf7+ Qxf7 25. Bxf7+ Kh8 26. Kh1 Bxe3 27. Rc7
Bxe4 28. Be6 Rf8 29. Rd1 Rf2 30. Bh3 Rxe2 31. Rf1 Rf2 32. Rd1 Bc2 33. Rc1 Bxc1
34. a4 Rf1# {White checkmated} 0-1

[Event "Team 45 45 League T71"]
[Site "Internet Chess Club"]
[Date "2017.01.07"]
[Round "4"]
[White "saiabhi29"]
[Black "moodle"]
[Result "0-1"]
[WhiteElo "1646"]
[BlackElo "1622"]
[Opening "Scandinavian gambit"]
[ECO "B01"]
[Time "11:00:33"]
[TimeControl "2700+45"]

1. e4 d5 2. exd5 Nf6 3. c4 c6 4. dxc6 Nxc6 5. Nc3 e5 6. d3 Bf5 7. Nf3 Bb4 8. a3
e4 9. axb4 exf3 10. gxf3 Qe7+ 11. Qe2 Nxb4 12. Ne4 Nxd3+ 13. Qxd3 Nxe4 14. Qe3
Nc5 15. Qxe7+ Kxe7 16. Be3 b6 17. b4 Nd3+ 18. Bxd3 Bxd3 19. c5 Bc4 20. f4 a5 21.
cxb6 axb4 22. Rc1 Rac8 23. Rg1 g6 24. Rg5 f5 25. Rg3 Bd5 26. Bc5+ Kf7 27. Rd3
Rhd8 28. Rdd1 b3 29. Ba3 Re8+ 30. Kd2 Bf3 31. Rxc8 Rxc8 32. Rc1 Rxc1 33. Kxc1
Bd5 34. Kb2 Ke6 35. b7 Bxb7 36. Kxb3 Kd5 37. Bc1 Ke4 38. Be3 Kf3 39. Kc4 Kg2 40.
Kd4 Kxh2 41. Ke5 h5 42. Kf6 h4 43. Kxg6 Be4 44. Kg5 h3 45. f3 Bd3 46. Kh4 Kg2
47. Bg1 Kxg1 48. Kxh3 Kf2 49. Kh4 Kxf3 50. Kg5 Bc2 51. Kh4 Kxf4 52. Kh3 Ke3 53.
Kg2 f4 54. Kf1 f3 55. Kg1 Ke2 56. Kh2 f2 57. Kh1 f1=Q+ 58. Kh2 Qf3 59. Kg1 Qg3+
60. Kh1 {White resigns} 0-1

[Event "Team 45 45 League T71"]
[Site "Internet Chess Club"]
[Date "2017.01.08"]
[Round "4"]
[White "karthikkallam"]
[Black "ascoli"]
[Result "0-1"]
[WhiteElo "1331"]
[BlackElo "1593"]
[Opening "French: advance, Paulsen attack"]
[ECO "C02"]
[Time "11:01:05"]
[TimeControl "2700+45"]

1. e4 e6 2. d4 d5 3. e5 c5 4. c3 Nc6 5. Nf3 Qb6 6. a3 c4 7. Nbd2 Na5 8. Be2 Bd7
9. O-O Rc8 10. Qe1 Ba4 11. Bd1 Nb3 12. Nxb3 Bxb3 13. Bxb3 Qxb3 14. Qd1 Qxd1 15.
Rxd1 Ne7 16. Bg5 Nc6 17. Re1 Na5 18. Nd2 Rc6 19. Rab1 Rb6 20. f4 Be7 21. Bxe7
Kxe7 22. Re3 Rc8 23. Rg3 g6 24. Rh3 h5 25. Rh4 Nb3 26. Nxb3 Rxb3 27. Rh3 Rc6 28.
g4 hxg4 29. Rg3 Ra6 30. Rxg4 Ra4 31. Rg2 Raxa3 32. Rc2 Ra2 33. Kf1 a5 34. Ke1 a4
35. Kd1 a3 36. Kc1 Raxb2 37. Rcxb2 Rxb2 38. Rxb2 axb2+ 39. Kxb2 f6 40. h4 f5 41.
Ka3 Ke8 42. Kb4 Kd8 43. Kc5 Kc7 44. Kb5 b6 45. Kb4 Kb8 46. Ka4 Ka7 47. Ka3 Ka6
48. Kb4 Ka7 49. Ka3 b5 50. Ka2 Ka6 51. Kb2 b4 52. cxb4 Kb5 53. Ka3 c3 54. Kb3 c2
55. Kxc2 Kxb4 56. Kd3 Kb3 57. Kd2 Kc4 58. Ke3 Kc3 59. Ke2 Kxd4 60. Kd2 {White
resigns} 0-1

[Event "Team 45 45 League T71"]
[Site "Internet Chess Club"]
[Date "2017.01.06"]
[Round "4"]
[White "XNPchess"]
[Black "JJ12"]
[Result "1-0"]
[WhiteElo "2087"]
[BlackElo "2078"]
[Opening "Old Benoni defense"]
[ECO "A46"]
[Time "19:02:02"]
[TimeControl "2700+45"]

1. d4 Nf6 2. Nf3 c5 3. d5 e6 4. Nc3 exd5 5. Nxd5 Nxd5 6. Qxd5 Nc6 7. Bg5 Be7 8.
Bxe7 Qxe7 9. a3 O-O 10. O-O-O Rd8 11. Qd6 Kf8 12. e4 Qxd6 13. Rxd6 Ke7 14. Rd1
d6 15. Bc4 Be6 16. Bd5 Rab8 17. b3 Ne5 18. Bxe6 fxe6 19. Nxe5 dxe5 20. Rxd8 Rxd8
21. f3 Rf8 22. Kd2 g5 23. Ke3 h5 24. h4 g4 25. fxg4 hxg4 26. h5 Rh8 27. Kf2 Kf6
28. Kg3 Kg5 29. h6 Rh7 30. Rh4 Kf6 31. Kxg4 Kg6 32. a4 b6 33. Rh5 Kf6 34. Kh4
Kg6 35. g4 Kf6 36. g5+ Kg6 37. Kg4 Kf7 38. Rh3 Kg6 39. Rf3 Re7 40. Rf6+ Kh7 41.
Kh5 {Black resigns} 1-0

[Event "Team 45 45 League T71"]
[Site "Internet Chess Club"]
[Date "2017.01.09"]
[Round "4"]
[White "TheRailgun"]
[Black "Capt-Morgan"]
[Result "1-0"]
[WhiteElo "1880"]
[BlackElo "1886"]
[Opening "Scandinavian (center counter) defense"]
[ECO "B01"]
[Time "19:31:06"]
[TimeControl "2700+45"]

1. e4 d5 2. exd5 Qxd5 3. Nc3 Qd8 4. d4 Nf6 5. Bc4 a6 6. Nge2 b5 7. Bb3 c5 8.
dxc5 Qxd1+ 9. Nxd1 e6 10. a4 b4 11. O-O Bxc5 12. Ne3 a5 13. Nc4 Ke7 14. Bg5 Nd7
15. Rad1 h6 16. Bh4 Bb7 17. Nd4 g5 18. Bg3 Rhc8 19. Nb5 Ne4 20. Nbd6 Nxg3 21.
Nxc8+ Rxc8 22. hxg3 Ba6 23. Rd2 Nf6 24. Re1 Bxc4 25. Bxc4 Ng4 26. Bd3 b3 27. c3
{Black resigns} 1-0

[Event "Team 45 45 League T71"]
[Site "Internet Chess Club"]
[Date "2017.01.12"]
[Round "4"]
[White "jonesey"]
[Black "spongenotbob"]
[Result "0-1"]
[WhiteElo "1896"]
[BlackElo "2024"]
[Opening "Caro-Kann: Panov-Botvinnik attack, 5...e6"]
[ECO "B14"]
[Time "15:01:40"]
[TimeControl "2700+45"]

1. e4 c6 2. d4 d5 3. exd5 cxd5 4. c4 Nf6 5. Nc3 e6 6. Nf3 Be7 7. c5 O-O 8. Bd3
b6 9. b4 a5 10. Na4 Nbd7 11. a3 axb4 12. axb4 e5 13. dxe5 Ne4 14. O-O bxc5 15.
bxc5 Ndxc5 16. Re1 Nxa4 17. Rxa4 Nc3 18. Bxh7+ Kh8 19. Qd3 Rxa4 20. Bf5 Bxf5 21.
Qxf5 Re4 22. Qh5+ Kg8 23. Bd2 Rxe1+ 24. Nxe1 Ne4 25. Be3 Qa5 26. Qd1 Ra8 27. f3
Bc5 {White resigns} 0-1

[Event "Team 45 45 League T71"]
[Site "Internet Chess Club"]
[Date "2017.01.11"]
[Round "4"]
[White "tightfist"]
[Black "laurenpar"]
[Result "0-1"]
[WhiteElo "1468"]
[BlackElo "1914"]
[Opening "Réti opening"]
[ECO "A13"]
[Time "21:33:00"]
[TimeControl "2700+45"]

1. Nf3 e6 2. c4 f5 3. d4 Nf6 4. Nc3 Bb4 5. Bd2 d6 6. e3 O-O 7. Bd3 Qe7 8. O-O
Nc6 9. Re1 e5 10. dxe5 dxe5 11. e4 Bxc3 12. Bxc3 f4 13. Qb3 Nd7 14. Be2 Nc5 15.
Qc2 Bg4 16. b4 Bxf3 17. Bxf3 Ne6 18. a3 Ncd4 19. Bxd4 Nxd4 20. Qc3 c5 21. Rac1
b6 22. Bd1 Rad8 23. Ba4 f3 24. bxc5 bxc5 25. Qe3 Qh4 26. Bd1 Qg4 27. g3 Qh3 28.
Bxf3 Nxf3+ 29. Qxf3 Rxf3 30. Rb1 Qd7 31. Rbc1 Qd2 32. Rf1 Rxf2 33. Rxf2 Qxc1+
34. Kg2 Rd2 {White resigns} 0-1

[Event "Team 45 45 League T71"]
[Site "Internet Chess Club"]
[Date "2017.01.05"]
[Round "4"]
[White "dp15"]
[Black "NashGames"]
[Result "0-1"]
[WhiteElo "2033"]
[BlackElo "2227"]
[Opening "Giuoco Piano"]
[ECO "C54"]
[Time "21:00:23"]
[TimeControl "2700+45"]

1. e4 e5 2. Nf3 Nc6 3. Bc4 Bc5 4. c3 Nf6 5. d3 O-O 6. Nbd2 d6 7. O-O a5 8. h3
Be6 9. Bb3 Qe7 10. Re1 Bxb3 11. Qxb3 a4 12. Qc2 h6 13. Nf1 Qe6 14. Be3 Bxe3 15.
Nxe3 Ne7 16. a3 Ng6 17. Rad1 Rfe8 18. Kh2 Nf4 19. Nf5 b5 20. g3 Ng6 21. Re2 d5
22. Ne3 c6 23. Kg2 Rad8 24. Red2 Kh8 25. Kh2 Kh7 26. Kg2 Ra8 27. Re1 Rab8 28.
Kh2 Qd6 29. Kg2 Rbc8 30. Qd1 dxe4 31. dxe4 Qe6 32. Qc2 Rcd8 33. Red1 Rxd2 34.
Rxd2 Rb8 35. Nh2 c5 36. f3 h5 37. h4 c4 38. Qd1 Ne7 39. Nhf1 Rb6 40. Nc2 g6 41.
Nfe3 Ne8 42. Nb4 Rd6 43. Ned5 Nxd5 44. Nxd5 Kg7 45. Nc7 Rxd2+ 46. Qxd2 Nxc7 47.
Qd8 Qb6 48. Qe7 Ne6 49. Qd7 Qe3 50. Qxb5 Nc5 51. Qxc4 Nd3 52. Qxa4 Qf2+ 53. Kh3
Qf1+ 54. Kh2 Ne1 55. Qc2 Nxf3# {White checkmated} 0-1

[Event "Team 45 45 League T71"]
[Site "Internet Chess Club"]
[Date "2017.01.07"]
[Round "4"]
[White "lacibacsi"]
[Black "hood"]
[Result "1-0"]
[WhiteElo "2023"]
[BlackElo "1982"]
[Opening "Neo-Grünfeld, 6.O-O c6"]
[ECO "D78"]
[Time "15:33:37"]
[TimeControl "2700+45"]

1. d4 Nf6 2. Nf3 g6 3. g3 Bg7 4. Bg2 O-O 5. O-O d5 6. c4 c6 7. Nc3 Bf5 8. Nh4
Be6 9. cxd5 cxd5 10. Bf4 Nc6 11. Nf3 Ne4 12. Rc1 h6 13. Ne5 Nxc3 14. Nxc6 bxc6
15. bxc3 g5 16. Be3 Qd7 17. Qd2 Rab8 18. h4 f6 19. Rb1 Bf5 20. Rb4 Kh7 21. hxg5
hxg5 22. c4 Kg6 23. cxd5 cxd5 24. Rc1 Rh8 25. Rxb8 Rxb8 26. Qa5 e6 27. Rc7 Qd8
28. Qxa7 Rb1+ 29. Bf1 Qh8 30. Rc1 Rb2 31. a4 Be4 32. Bg2 Bxg2 33. Kxg2 Rxe2 34.
Qa6 Rb2 35. Qxe6 Qd8 36. Rc8 Qa5 37. Qe8+ Kh6 38. g4 {Black resigns} 1-0

[Event "Team 45 45 League T71"]
[Site "Internet Chess Club"]
[Date "2017.01.07"]
[Round "4"]
[White "soccerisfun"]
[Black "fledermaus"]
[Result "1/2-1/2"]
[WhiteElo "1847"]
[BlackElo "1849"]
[Opening "Sicilian: Sozin attack"]
[ECO "B86"]
[Time "17:22:30"]
[TimeControl "2700+45"]

1. e4 c5 2. Nf3 e6 3. d4 cxd4 4. Nxd4 Nf6 5. Nc3 d6 6. Bc4 Be7 7. O-O O-O 8. f4
d5 9. exd5 exd5 10. Bb3 Bc5 11. Kh1 Nc6 12. Nf3 d4 13. Ne2 Ne4 14. Bd2 d3 15.
cxd3 Nf2+ 16. Rxf2 Bxf2 17. Bc3 Bg4 18. Qf1 Bxf3 19. Qxf2 Bd5 20. Bc2 Qd6 21. a3
Rae8 22. Ng3 f5 23. d4 g6 24. Rd1 Rf6 25. Bd3 Rfe6 26. b4 a6 27. Kg1 Na7 28. a4
Qd7 29. Ra1 Nc8 30. Nxf5 gxf5 31. Bxf5 Re1+ 32. Rxe1 Rxe1+ 33. Qxe1 Qxf5 34.
Qe8+ Kg7 35. Qe5+ Qxe5 36. dxe5 Be6 37. h3 Nb6 38. a5 Nd5 39. Bd2 h5 40. Kf2 Kg6
41. Kf3 h4 42. Be1 Kf5 43. Bxh4 Nxf4 44. g4+ Kxe5 45. Bg3 Bd5+ 46. Ke3 Bg2 47.
Bxf4+ Kf6 48. h4 Bh3 49. Kf3 Bf1 50. Bd6 Bb5 51. Kf4 Bd7 52. h5 Ba4 53. Bc5 Bd1
54. h6 Kg6 55. g5 Bc2 56. Be7 Bd3 57. Ke5 Bc2 58. Ke6 Be4 59. Kd7 Bd3 {Game
drawn by mutual agreement} 1/2-1/2

[Event "Team 45 45 League T71"]
[Site "Internet Chess Club"]
[Date "2017.01.08"]
[Round "4"]
[White "Ptzz"]
[Black "primerpaso"]
[Result "1-0"]
[WhiteElo "2070"]
[BlackElo "1805"]
[Opening "Sicilian: Canal-Sokolsky (Nimzovich-Rossolimo, Moscow) attack"]
[ECO "B51"]
[Time "10:10:25"]
[TimeControl "2700+45"]

1. e4 c5 2. Nf3 d6 3. Bb5+ Nc6 4. O-O Bd7 5. Re1 Nf6 6. c3 Ne5 7. Bxd7+ Qxd7 8.
d4 Nxf3+ 9. Qxf3 e6 10. Be3 Be7 11. Nd2 cxd4 12. cxd4 O-O 13. Rac1 Rfc8 14. Bg5
h6 15. Bh4 Qa4 16. e5 dxe5 17. Qxb7 Re8 18. Bxf6 Bxf6 19. Ne4 Qxd4 20. Nxf6+
gxf6 21. Rc7 Rab8 22. Qf3 Qb4 23. Rec1 Re7 24. R7c4 Qxb2 25. Qxf6 Qb7 26. Rg4+
{Black resigns} 1-0

[Event "Team 45 45 League T71"]
[Site "Internet Chess Club"]
[Date "2017.01.05"]
[Round "4"]
[White "Portola"]
[Black "Capt-Morgan"]
[Result "0-1"]
[WhiteElo "1715"]
[BlackElo "1896"]
[Opening "Dutch, 2.Bg5 variation"]
[ECO "A80"]
[Time "19:00:09"]
[TimeControl "2700+45"]

1. d4 f5 2. Bg5 g6 3. e3 Bg7 4. c3 Nf6 5. Bc4 Ne4 6. Bf4 d5 7. Bb3 Nc6 8. Nf3 e6
9. Nbd2 O-O 10. h4 Bf6 11. g3 Na5 12. Ne5 Nxb3 13. axb3 b6 14. Ndf3 c5 15. Nc6
Qd7 16. Nfe5 Qb7 17. g4 Bd7 18. Nxd7 Qxd7 19. Ne5 Bxe5 20. dxe5 fxg4 21. Qxg4 c4
22. b4 a5 23. O-O Nd2 24. Rfd1 Nb3 25. Rab1 axb4 26. cxb4 Qf7 27. Qg3 Qf5 28.
Qg5 Ra4 29. Qe7 Nd4 30. exd4 Qxf4 31. Qxe6+ Kg7 32. Rf1 Qe4 33. Rbe1 Qf5 34.
Qxb6 Qg4+ 35. Kh1 Qxh4+ 36. Kg1 Qg4+ 37. Kh1 Rf5 38. Qc7+ Kh6 39. e6 Rh5+ 40.
Qh2 Rxh2+ 41. Kxh2 Rxb4 42. e7 Rb3 43. f3 Rxb2+ {White resigns} 0-1

[Event "Team 45 45 League T71"]
[Site "Internet Chess Club"]
[Date "2017.01.07"]
[Round "4"]
[White "laurenpar"]
[Black "Heian"]
[Result "1-0"]
[WhiteElo "1912"]
[BlackElo "1720"]
[Opening "English: four knights system"]
[ECO "A28"]
[Time "20:33:01"]
[TimeControl "2700+45"]

1. c4 e5 2. Nc3 Nf6 3. Nf3 Nc6 4. d4 exd4 5. Nxd4 Nxd4 6. Qxd4 b6 7. Bg5 Bc5 8.
Qe5+ Be7 9. Bxf6 gxf6 10. Qe4 c6 11. g3 O-O 12. Bg2 Bb4 13. Rc1 Re8 14. Qd3 Qe7
15. e3 Bb7 16. O-O Bxc3 17. Rxc3 Rad8 18. Rd1 Qe5 19. Qd2 Re7 20. Rd3 Qc7 21.
Rd6 Kg7 22. Qd4 Re6 23. Rxd7 Rxd7 24. Qxd7 Qb8 25. b4 Bc8 26. Qd8 Qb7 27. b5 a6
28. Bxc6 Rxc6 29. bxc6 Qxc6 30. Rd6 Qxc4 31. Qxf6+ {Black resigns} 1-0

[Event "Team 45 45 League T71"]
[Site "Internet Chess Club"]
[Date "2017.01.04"]
[Round "4"]
[White "pokerram"]
[Black "idjit"]
[Result "1/2-1/2"]
[WhiteElo "1581"]
[BlackElo "1565"]
[Opening "English opening"]
[ECO "A05"]
[Time "15:39:06"]
[TimeControl "2700+45"]

1. Nf3 Nf6 2. c4 d5 3. cxd5 Nxd5 4. d4 e6 5. a3 c5 6. e4 Nf6 7. Nc3 Nc6 8. Bb5
Bd7 9. Bg5 cxd4 10. Nxd4 Nxd4 11. Qxd4 Bxb5 12. Qxd8+ Rxd8 13. Nxb5 Be7 14. e5
Ng4 15. Bxe7 Kxe7 16. f4 Rd5 17. Nc3 Rd4 18. Ne2 Rd7 19. h3 Ne3 20. Kf2 Nc4 21.
b4 Rhd8 22. Rhc1 Nd2 23. Ra2 Nb3 24. Rc3 Rd2 25. Rxd2 Nxd2 26. Rc7+ Rd7 27.
Rxd7+ Kxd7 28. Nc3 {Game drawn by mutual agreement} 1/2-1/2

[Event "Team 45 45 League T71"]
[Site "Internet Chess Club"]
[Date "2017.01.09"]
[Round "4"]
[White "ChessHouston"]
[Black "lacibacsi"]
[Result "0-1"]
[WhiteElo "1918"]
[BlackElo "2035"]
[Opening "Sicilian: Pelikan, Chelyabinsk variation"]
[ECO "B33"]
[Time "14:00:36"]
[TimeControl "2700+45"]

1. e4 c5 2. Nf3 Nc6 3. d4 cxd4 4. Nxd4 Nf6 5. Nc3 e5 6. Ndb5 d6 7. Bg5 a6 8. Na3
b5 9. Nd5 Be7 10. Bxf6 Bxf6 11. c4 b4 12. Qa4 Bd7 13. Nxb4 Nd4 14. Qd1 Rb8 15.
Qd2 Bg5 16. Qc3 Qb6 17. Nd3 O-O 18. c5 Qc6 19. f3 Bh4+ 20. Kd1 Qa4+ 21. Nc2 Rfc8
22. b3 Qc6 23. Ncb4 Qb7 24. Nd5 Be6 25. Qc4 f5 26. g3 Bg5 27. h4 Bh6 28. Bh3 Qf7
29. Rf1 fxe4 30. Bxe6 Nxe6 31. Qxe4 Nxc5 32. Nxc5 Rxc5 33. Ne3 d5 34. Qd3 Bxe3
35. Qxe3 d4 36. Qe4 Rbc8 37. Rf2 Qc7 38. Rd2 Rc1+ 39. Rxc1 Qxc1+ 40. Ke2 Qg1 41.
Qg4 Qg2+ 42. Kd3 Qf1+ 43. Ke4 Qe1+ 44. Kd5 Rd8+ 45. Ke6 Qxd2 {White resigns} 0-1

[Event "Team 45 45 League T71"]
[Site "Internet Chess Club"]
[Date "2017.01.05"]
[Round "4"]
[White "JPSVI"]
[Black "LiangLiang"]
[Result "0-1"]
[WhiteElo "1732"]
[BlackElo "1936"]
[Opening "Bird's opening"]
[ECO "A02"]
[Time "22:30:57"]
[TimeControl "2700+45"]

1. f4 Nf6 2. Nf3 d5 3. g3 c5 4. Bg2 e6 5. O-O Nc6 6. d3 Be7 7. e4 dxe4 8. dxe4
Qxd1 9. Rxd1 Nxe4 10. Ne5 Nxe5 11. fxe5 f5 12. exf6 Nxf6 13. Re1 Kf7 14. c4 Rb8
15. Bf4 Ra8 16. Nc3 Nh5 17. Be5 Rd8 18. Rad1 Rxd1 19. Rxd1 Nf6 20. Nb5 a6 21.
Nd6+ Bxd6 22. Rxd6 Ke7 23. Rd3 Ne8 24. Be4 g6 25. Rb3 Nd6 26. Bxd6+ Kxd6 27.
Bxb7 Rb8 28. Rd3+ Kc7 29. Bxc8 Rxc8 30. Kf2 Rf8+ 31. Rf3 Rxf3+ 32. Kxf3 Kd6 33.
Ke4 e5 34. g4 h6 35. a3 a5 36. b3 Ke6 37. h4 Kd6 38. Ke3 Ke7 39. Ke4 Ke6 40. Ke3
h5 41. gxh5 gxh5 42. Ke4 Kf6 {White resigns} 0-1

[Event "Team 45 45 League T71"]
[Site "Internet Chess Club"]
[Date "2017.01.08"]
[Round "4"]
[White "evan7284"]
[Black "Tobiasdelmonte"]
[Result "0-1"]
[WhiteElo "1682"]
[BlackElo "1746"]
[Opening "Queen's pawn game"]
[ECO "A46"]
[Time "11:03:26"]
[TimeControl "2700+45"]

1. d4 Nf6 2. Nf3 c5 3. c3 d5 4. Bg5 Nc6 5. Bxf6 exf6 6. e3 Bd6 7. Bd3 O-O 8. O-O
Bg4 9. Nbd2 Re8 10. Qc2 g6 11. h3 Be6 12. Rfe1 Rc8 13. a3 cxd4 14. exd4 a6 15.
Nf1 Bb8 16. Ng3 Qd6 17. Qd2 Kg7 18. h4 h5 19. Kf1 Bg4 20. Nh2 Qd7 21. Rxe8 Rxe8
22. Re1 Rxe1+ 23. Qxe1 Be6 24. Qe3 Qd6 25. Nf3 Qf4 26. Ke2 Bg4 27. Qe8 Qc1 28.
Bxg6 Qxb2+ 29. Kf1 fxg6 30. Ne2 Qb1+ 31. Ne1 Qe4 {White resigns} 0-1

[Event "Team 45 45 League T71"]
[Site "Internet Chess Club"]
[Date "2017.01.07"]
[Round "4"]
[White "nidusin2"]
[Black "watkins"]
[Result "1-0"]
[WhiteElo "1588"]
[BlackElo "1520"]
[Opening "QGD: 4.Nf3"]
[ECO "D37"]
[Time "03:03:49"]
[TimeControl "2700+45"]

1. d4 Nf6 2. Nf3 e6 3. c4 d5 4. Nc3 dxc4 5. e4 Bb4 6. Qc2 O-O 7. Bxc4 Nbd7 8.
O-O a6 9. a3 Bxc3 10. bxc3 b5 11. Bd3 c5 12. e5 c4 13. Be2 Nd5 14. Ng5 g6 15.
Ne4 N7b6 16. Bg5 Qc7 17. Bf3 Bb7 18. Qd2 Nc8 19. Nf6+ Nxf6 20. Bxb7 Qxb7 21.
Bxf6 Ne7 22. g4 Qe4 23. f3 Qd3 24. Qh6 Nf5 25. gxf5 {Black resigns} 1-0

[Event "Team 45 45 League T71"]
[Site "Internet Chess Club"]
[Date "2017.01.05"]
[Round "4"]
[White "az2112"]
[Black "idjit"]
[Result "1-0"]
[WhiteElo "1665"]
[BlackElo "1545"]
[Opening "French: Tarrasch, Guimard variation"]
[ECO "C04"]
[Time "20:51:06"]
[TimeControl "2700+45"]

1. e4 e6 2. d4 d5 3. Nd2 Nc6 4. Ne2 Nf6 5. e5 Nd7 6. Nf3 f6 7. exf6 Qxf6 8. Bg5
Qg6 9. Nf4 Qf7 10. Nd3 Bd6 11. Qe2 O-O 12. O-O-O Re8 13. Nde5 Ndxe5 14. Nxe5
Bxe5 15. dxe5 Qf5 16. Qh5 g6 17. Qh4 Nxe5 18. f4 Nc6 19. Bd3 Qf7 20. a3 e5 21.
fxe5 Rxe5 22. Rhf1 Qe6 23. Bf6 Rh5 24. Qg3 Qd6 25. Qxd6 cxd6 26. Be2 Rxh2 27.
Rxd5 Rxg2 28. Bf3 Rh2 29. Rxd6 Bf5 30. Bd5+ Kf8 31. Be4 Ne7 32. Bxf5 Nxf5 33.
Rd7 b6 34. Bc3 Ke8 35. Rc7 Kf8 36. Bb4+ Kg8 37. Rd1 Ne3 38. Rdd7 Rf8 39. Rg7+
Kh8 40. Bxf8 {Black resigns} 1-0

[Event "Team 45 45 League T71"]
[Site "Internet Chess Club"]
[Date "2017.01.09"]
[Round "4"]
[White "TwinsburgOHUSA"]
[Black "ChessMaine"]
[Result "1-0"]
[WhiteElo "1466"]
[BlackElo "1508"]
[Opening "French: exchange variation"]
[ECO "C01"]
[Time "22:00:30"]
[TimeControl "2700+45"]

1. e4 e6 2. d4 d5 3. exd5 exd5 4. c4 Nf6 5. Nc3 Nc6 6. Bd3 Nxd4 7. cxd5 Qe7+ 8.
Be3 c5 9. dxc6 Nxc6 10. Nge2 Qd8 11. O-O Be7 12. a3 O-O 13. Nb5 a6 14. Nbd4 Nxd4
15. Bxd4 Bg4 16. Qd2 Bxe2 17. Bxe2 Bc5 18. Be3 Bxe3 19. Qxe3 Re8 20. Qf3 Qd2 21.
Bc4 Qxb2 22. Rab1 Qd4 23. Qb3 Re7 24. Qb4 Qd7 25. Rbd1 Qe8 26. Rfe1 Rxe1+ 27.
Rxe1 Qf8 28. Qxb7 Re8 29. Rxe8 Qxe8 30. Qxa6 h6 31. f3 Qe1+ 32. Bf1 Qe3+ 33. Kh1
Nh5 34. Qc8+ Kh7 35. Qf5+ g6 36. Qxf7+ Ng7 37. a4 Qe1 38. Qc4 Nf5 39. Qe2 Qh4
40. Qd1 Ng3+ 41. Kg1 Nxf1 42. Kxf1 Qxh2 43. Qd7+ Kg8 44. Qg4 Qh1+ 45. Kf2 Qb1
46. Kg3 Qe1+ 47. Kh2 Qe5+ 48. Qg3 Qh5+ 49. Qh3 Qe5+ 50. Qg3 Qh5+ 51. Kg1 Qc5+
52. Qf2 Qc1+ 53. Kh2 Qf4+ 54. Qg3 Qf5 55. Qb8+ Kg7 56. Qc7+ Kg8 57. a5 Qh5+ 58.
Kg1 Qh4 59. Qc8+ Kg7 60. Qd7+ Kg8 61. Qe6+ Kg7 62. Qe5+ Kg8 63. a6 Qa4 64. Qf6
Qd1+ 65. Kh2 Qd3 66. a7 Qa3 67. Qxg6+ Kf8 68. Qxh6+ Kg8 69. Qe6+ Kh7 70. Qe4+
Kh6 71. a8=Q Qd6+ 72. f4 Qf6 73. Qac6 Kh5 74. Qxf6 Kg4 75. Qg5# {Black
checkmated} 1-0